 Dungeon Crawl Stone Soup version 0.20.1-1-g8b1a95d (webtiles) character file.

91 Azo the Twirler (level 4, -6/40 HPs)
             Began as a Minotaur Gladiator on Sept 18, 2017.
             Killed from afar by an orc wizard (8 damage)
             ... with a puff of flame
             ... on level 3 of the Dungeon.
             The game lasted 00:04:45 (1761 turns).

Azo the Twirler (Minotaur Gladiator)                Turns: 1761, Time: 00:04:46

Health: -6/40      AC:  5    Str: 18    XL:     4   Next: 34%
Magic:  3/3        EV: 12    Int:  5    God:
Gold:   99         SH:  0    Dex: 13    Spells: 3/3 levels left

rFire    . . .     SeeInvis .   a - +0 quarterstaff
rCold    . . .     Gourm    .   (shield currently unavailable)
rNeg     . . .     Faith    .   p - +0 ring mail (curse)
rPois    .         Spirit   .   c - +0 hat
rElec    .         Reflect  .   (no cloak)
rCorr    .         Harm     .   (no gloves)
MR       .....                  (no boots)
Stlth    +.........             (no amulet)
Regen    0.2/turn               (no ring)
MPRegen  0.1/turn               (no ring)

@: no status effects
A: retaliatory headbutt, horns 2
a: no special abilities


You were on level 3 of the Dungeon.
You were not hungry.

You visited 1 branch of the dungeon, and saw 3 of its levels.

You collected 99 gold pieces.

Inventory:

Hand Weapons
 a - a +0 quarterstaff (weapon)
Missiles
 d - 3 throwing nets (quivered)
Armour
 b - a +0 leather armour
 c - a +0 hat (worn)
 p - a cursed +0 ring mail (worn)
Jewellery
 i - an uncursed ring of protection from fire {unknown}
 l - an uncursed ring of protection from fire {unknown}
Scrolls
 g - 2 scrolls of identify {unknown}
 n - a scroll of blinking {unknown}
 q - 2 scrolls of teleportation {unknown}
 s - a scroll of remove curse {unknown}
 t - a scroll of fog {unknown}
Potions
 e - 2 potions of heal wounds {unknown}
 h - a potion of flight {unknown}
 j - a potion of might {unknown}
 k - 2 potions of magic {unknown}
Comestibles
 f - 4 bread rations
 m - 2 fruits
 o - 7 chunks of flesh
 r - a meat ration


   Skills:
 * Level 4.0 Fighting
 + Level 4.1 Staves
 - Level 2.0 Throwing
 + Level 1.4 Armour
 + Level 4.0 Dodging
 + Level 0.3 Spellcasting


You had 3 spell levels left.
You didn't know any spells.

Dungeon Overview and Level Annotations

Branches:
Dungeon (3/15)

Altars:


Innate Abilities, Weirdness & Mutations

You reflexively headbutt those who attack you in melee.
You have a pair of horns on your head.


Message History

* * * LOW HITPOINT WARNING * * *
Something hits you but does no damage.
Some of the chunks of flesh in your inventory have rotted away.
You barely miss something. Something hits you but does no damage.
You barely miss something. Something hits you.
* * * LOW HITPOINT WARNING * * *
You closely miss something. Your headbutt misses something.
Something hits you but does no damage.
You miss something.
You hear some strange, mumbled words.
Something tries to affect you, but you resist.
You closely miss something. Your headbutt misses something.
Something hits you but does no damage.
You closely miss something. Something hits you.
* * * LOW HITPOINT WARNING * * *
You hit something. Your headbutt misses something.
You hear some strange, mumbled words.
A puff of flame appears from out of thin air!
The puff of flame hits you!
You die...

#.##.#.#.#.#.#..........
#.##.#.#.#.#.#.#.####...
#.##.#.#...#...<........
#.##.#.###.#.###.######.
####.##.#...........####...
#>.......................#.
#.................<....)...
#.##.##############.####.#.
#.#..#....@{......#.# #.#.
#.#.##.####..####.#.# #.#.
#.#.##.# #.....#.#.# #...
#.#.##.# #..#)...#.# #...
#.#....# #..#....#. ##..
#.##########.###..#+### ##.
... ......[.......... .##
#####............
.....#..........


There were no monsters in sight!

Vanquished Creatures
  3 adders
  An ooze (D:1)
  A worm (D:2)
  4 leopard geckos
  3 orcs (D:3)
  10 bats
  2 giant cockroaches (D:3)
  4 goblins
  4 hobgoblins
  4 jackals (D:2)
  7 kobolds
  3 frilled lizards
  4 rats
50 creatures vanquished.

Notes
Turn   | Place    | Note
-------+----------+-------------------------------------------
     0 | D:1      | Azo the Minotaur Gladiator began the quest for the Orb.
     0 | D:1      | Reached XP level 1. HP: 18/18 MP: 0/0
   268 | D:1      | Reached XP level 2. HP: 23/26 MP: 1/1
  1000 | D:2      | Reached XP level 3. HP: 9/31 MP: 2/2
  1535 | D:2      | Reached skill level 1 in Armour
  1648 | D:3      | Reached XP level 4. HP: 24/40 MP: 3/3
  1760 | D:3      | HP: 1/40 [something (4)]
  1761 | D:3      | Killed from afar by an orc wizard

Skill      XL: |  1  2  3  4 |
---------------+-------------+-----
Fighting       | 3 4 |  4.0
Staves         | 4 |  4.1
Armour         | 1 |  1.4
Dodging        | 4 |  4.0
Throwing       | |  2.0
Spellcasting   | |  0.3

Action                   |  1- 3 |  4- 6 || total
-------------------------+-------+-------++-------
Melee: Quarterstaff      |    69 |    30 ||    99
       Headbutt          |    12 |     6 ||    18
 Stab: Sleeping          |     1 |       ||     1
  Eat: Chunk             |     2 |     1 ||     3
Armor: Leather armour    |     6 |       ||     6
       Ring mail         |    12 |     8 ||    20
Dodge: Dodged            |    63 |     5 ||    68
